 Dungeon Crawl Stone Soup version 0.31.0-9-g3a7656b989 (webtiles) character file.

Game seed: 14489577558543604451

331 qw the Ducker (level 6, -9/30 HPs)
             Began as a Spriggan Hunter on Feb 2, 2024.
             Mangled by a gnoll
             ... wielding a +1 whip of electrocution
              (14 damage)
             ... on level 5 of the Dungeon.
             The game lasted 00:00:16 (3425 turns).

qw the Ducker (Spriggan Hunter)                     Turns: 3425, Time: 00:00:16

Health: -9/30      AC:  2    Str:  7    XL:     6   Next: 26%
Magic:  7/7        EV:  4    Int: 10    God:
Gold:   231        SH:  0    Dex: 27    Spells: 5/5 levels left

rFire   . . .        a - +1 shortbow (freeze)
rCold   . . .        (shield currently unavailable)
rNeg    . . .        c - +0 robe
rPois   .            (helmet restricted)
rElec   .            (no cloak)
rCorr   .            (gloves unavailable)
SInv    +            (boots unavailable)
Will    ++...        (no amulet)
Stlth   +++          f - +6 ring of dexterity
HPRegen 0.25/turn    e - ring of willpower
MPRegen 0.10/turn

%: no passive effects
@: about to teleport, sleeping, very quick
A: very small, no large weapons, unfitting armour, see invisible, speed 3
a: no special abilities


You were on level 5 of the Dungeon.
You visited 2 branches of the dungeon, and saw 6 of its levels.

You collected 231 gold pieces.


Innate Abilities, Weirdness & Mutations

You are very small and have problems with some larger weapons.
You are too small for most types of armour.
You have supernaturally acute eyesight. (SInv)
You cover ground extremely quickly. (Speed+++)


   Skills:
 - Level 2.1 Fighting
 - Level 6.0 Ranged Weapons
 + Level 6.1 Dodging
 - Level 1.5 Stealth


You had 5 spell levels left.
You didn't know any spells.
Your spell library was empty.

Inventory:

Hand Weapons
 a - a +1 shortbow of freezing (weapon)
Armour
 c - a +0 robe (worn)
Jewellery
 e - a ring of willpower (right hand)
 f - a +6 ring of dexterity (left hand)
 g - a +6 ring of strength
Scrolls
 d - a scroll of teleportation
Potions
 b - a potion of enlightenment {unknown}
 i - a potion of haste

Dungeon Overview and Level Annotations

Branches:
Dungeon (5/15)             Temple (1/1) D:4

Altars:
Ashenzari
Cheibriados
Dithmenos
Hepliaklqana
Kikubaaqudgha
Nemelex Xobeh
Qazlal
Ru
Sif Muna
Trog
Vehumet
Xom

Annotations:
D:3 1 transporter, qw's ghost, amateur SpHu


Message History

3418 ||| RETREEEEATING.
Found 10 gold pieces.
The sleepcap barely misses you. The white imp hits you.
The white imp freezes you.
Enter note:
3419 ||| RETREEEEATING.
The sleepcap completely misses you.
Enter note:
3420 ||| RETREEEEATING.
The sleepcap closely misses you. The white imp closely misses you.
Enter note:
3421 ||| RETREEEEATING.
You shoot an arrow. The arrow hits the sleepcap.
The arrow freezes the sleepcap.
The sleepcap is lightly damaged.
The sleepcap misses you. The white imp closely misses you.
The sleepcap closely misses you.
3422 ||| RETREEEEATING.
You shoot an arrow. The arrow hits the sleepcap.
The arrow freezes the sleepcap.
The sleepcap is lightly damaged.
The water moccasin misses you. The sleepcap completely misses you.
The white imp gestures at you. The puff of frost hits you!
The sleepcap closely misses you.
3423 ||| RETREEEEATING.
You shoot an arrow. The arrow hits the sleepcap!
The arrow freezes the sleepcap.
The sleepcap is severely damaged.
The water moccasin misses you. The sleepcap completely misses you.
The gnoll misses you. The white imp misses you. The sleepcap misses you.
The water moccasin bites you!
3424 ||| RETREEEEATING.
You shoot an arrow.
The arrow hits the sleepcap but does no damage.
The sleepcap is severely damaged.
The sleepcap releases spores at you. The water moccasin misses you.
The gnoll closely misses you. The white imp misses you.
The sleepcap misses you.
3425 ||| READING 2 scrolls of teleportation.
As you read the scroll of teleportation, it crumbles to dust.
You feel strangely unstable. The water moccasin closely misses you.
The sleepcap releases spores at you.
You are engulfed in a cloud of soporific spores!
You fall asleep.
The gnoll hits you with a +1 whip of electrocution!
You die...

#.#+# #............#
#....##............#
#>......<.##....#..#
..........###.#.#..###
........%............#
..........?..###ho...#
...........#.#[#h#...#
.............#.#fSo..#
.........#.....f@gg#.#
....<.......##.##5.......
##......###.#...#g###....
#....#.#!..../....!#.#..
........###.#...#.###....
............##.##........
.........#.........#.##..
##...##......#.#$....#
##### ....#


You could see a water moccasin, 2 sleepcaps, 2 hounds, 3 gnolls, a white imp and
2 orcs.

Vanquished Creatures
  A scorpion (D:4)
  A jelly (D:4)
  2 hounds (D:4)
  An iguana (D:4)
  Terence (D:2)
  6 adders
  2 ribbon worms (D:3)
  2 dart slugs
  4 orcs (D:3)
  8 ball pythons
  3 endoplasms
  A giant cockroach (D:4)
  10 goblins
  7 hobgoblins
  3 quokkas
  7 bats
  2 frilled lizards
  5 kobolds
  3 rats (D:1)
69 creatures vanquished.

Notes
Turn   | Place    | Note
-------+----------+-------------------------------------------
     0 | D:1      | qw the Spriggan Hunter began the quest for the Orb.
     0 | D:1      | Reached XP level 1. HP: 10/10 MP: 2/2
     0 | D:1      | 0 ||| qw: Version: 0.3-a-155-g5e7d8dd
     0 | D:1      | 0 ||| qw: Game counter: 2326
     0 | D:1      | 0 ||| qw: Melee chars always use a shield: true
     0 | D:1      | 0 ||| qw: God list: Okawaru
     0 | D:1      | 0 ||| qw: Allow faded altars: false
     0 | D:1      | 0 ||| qw: Do Orc after clearing Dungeon:15 true
     0 | D:1      | 0 ||| qw: Do second Lair branch before Depths: true
     0 | D:1      | 0 ||| qw: Lair rune preference: random
     0 | D:1      | 0 ||| qw: Goals: Normal
     0 | D:1      | 0 ||| PLANNING D:1-11
    85 | D:1      | Reached skill level 3 in Dodging
   208 | D:1      | Reached XP level 2. HP: 13/14 MP: 3/3
   714 | D:1      | 714 ||| UPGRADING to +6 ring of dexterity.
   715 | D:1      | 715 ||| READING scroll labelled YFYICZ KAOSI.
   716 | D:1      | 716 ||| READING scroll labelled SUPHOER QAZOAD.
   721 | D:1      | 721 ||| DROPPING scroll of butterflies.
   804 | D:2      | Noticed Terence
   814 | D:2      | Killed Terence
   815 | D:2      | Reached XP level 3. HP: 18/18 MP: 4/4
   994 | D:2      | 994 ||| READING scroll labelled LATEMMY XERI.
   994 | D:2      | 994 ||| ENCHANTING +0 shortbow.
   995 | D:2      | 995 ||| READING scroll labelled HEOFOM CONOME.
   995 | D:2      | 995 ||| IDENTIFYING emerald potion
   996 | D:2      | 996 ||| DROPPING potion of ambrosia.
  1074 | D:2      | Identified the +6 short sword of Yesterday {flame, Str+4}
  1242 | D:2      | 1242 ||| DROPPING +6 ring of intelligence.
  1523 | D:3      | Reached XP level 4. HP: 22/22 MP: 5/5
  1546 | D:3      | Found a transporter.
  1547 | D:3      | Noticed qw's ghost (amateur SpHu)
  1548 | D:3      | Identified the +7 dire flail of Ubulepp {freeze, Str+3}
  1548 | D:3      | Noticed an ogre
  1812 | D:3      | You fall into a shaft and drop 1 floor!
  1813 | D:4      | 1813 ||| UPGRADING to ring of willpower.
  1814 | D:4      | 1814 ||| READING scroll of identify.
  1814 | D:4      | 1814 ||| IDENTIFYING 2 scrolls labelled CUDIMA OBB
  1815 | D:4      | 1815 ||| READING 2 scrolls of brand weapon.
  1815 | D:4      | 1815 ||| BRANDING +1 shortbow.
  1816 | D:4      | 1816 ||| READING scroll of brand weapon.
  1816 | D:4      | 1816 ||| BRANDING +1 shortbow of flaming.
  1821 | D:4      | 1821 ||| FLEEEEING.
  1822 | D:4      | 1822 ||| FLEEEEING.
  1823 | D:4      | 1823 ||| STAIRDANCE
  1934 | D:3      | Noticed an ogre
  2204 | D:3      | 2204 ||| READING scroll labelled XEMNEW WOEGRUA.
  2205 | D:3      | 2205 ||| DRINKING 2 dark potions.
  2206 | D:3      | 2206 ||| DROPPING potion of brilliance.
  2208 | D:3      | 2208 ||| Stepping ~*~*~tactically~*~*~ (cloud).
  2425 | D:4      | Found a staircase to the Ecumenical Temple.
  2426 | D:4      | 2426 ||| PLANNING TEMPLE
  2433 | Temple   | Entered the Ecumenical Temple
  2434 | Temple   | 2434 ||| PLANNING D:1-11
  2444 | D:4      | Reached XP level 5. HP: 25/25 MP: 6/6
  2448 | D:4      | Reached skill level 6 in Dodging
  2703 | D:4      | 2703 ||| FLEEEEING.
  2704 | D:4      | 2704 ||| FLEEEEING.
  3189 | D:4      | Reached skill level 6 in Ranged Weapons
  3189 | D:4      | Reached XP level 6. HP: 30/30 MP: 7/7
  3200 | D:4      | 3200 ||| DRINKING 2 bubbling dark potions.
  3393 | D:5      | Entered Level 5 of the Dungeon
  3398 | D:5      | Noticed a water moccasin
  3402 | D:5      | 3402 ||| RETREEEEATING.
  3403 | D:5      | 3403 ||| RETREEEEATING.
  3404 | D:5      | 3404 ||| RETREEEEATING.
  3405 | D:5      | 3405 ||| RETREEEEATING.
  3407 | D:5      | 3407 ||| RETREEEEATING.
  3408 | D:5      | 3408 ||| RETREEEEATING.
  3409 | D:5      | 3409 ||| RETREEEEATING.
  3410 | D:5      | 3410 ||| RETREEEEATING.
  3411 | D:5      | 3411 ||| RETREEEEATING.
  3412 | D:5      | 3412 ||| RETREEEEATING.
  3413 | D:5      | 3413 ||| RETREEEEATING.
  3415 | D:5      | 3415 ||| RETREEEEATING.
  3417 | D:5      | 3417 ||| RETREEEEATING.
  3418 | D:5      | 3418 ||| RETREEEEATING.
  3419 | D:5      | 3419 ||| RETREEEEATING.
  3420 | D:5      | 3420 ||| RETREEEEATING.
  3421 | D:5      | 3421 ||| RETREEEEATING.
  3422 | D:5      | 3422 ||| RETREEEEATING.
  3423 | D:5      | 3423 ||| RETREEEEATING.
  3424 | D:5      | 3424 ||| RETREEEEATING.
  3424 | D:5      | HP: 7/30 [sleepcap (2)]
  3425 | D:5      | 3425 ||| READING 2 scrolls of teleportation.
  3425 | D:5      | Mangled by a gnoll

Levels and vault maps discovered:
D:1:      spicycebolla_arrival_ecumenical, layout_basic, minmay_tromino_v4_c
D:2:      layout_basic, hangedman_abyss_or_decor_stabs, uniq_terence
D:3:      layout_basic, gammafunk_ghost_smash
D:4:      layout_basic, minmay_temple_entry_hall, minmay_puff
D:5:      kennysheep_six_static_rooms, layout_gridville,
          grunt_gozag_breadcrumbs, grunt_ministairs_2, st_stairs_12,
          hangedman_glass_garden, minmay_fractal_squares_5
Temple:   nicolae_temple_ecumenical_triangle

Skill      XL: |  1  2  3  4  5 |
---------------+----------------+-----
Dodging        | 3 4 5 6 |  6.1
Ranged Weapons | 5 6 |  6.0
Fighting       | 2 |  2.1
Stealth        | |  1.5

Action                     |  1- 3 |  4- 6 || total
---------------------------+-------+-------++-------
   Fire: Shortbow          |    78 |    96 ||   174
    Use: Scroll            |     4 |     5 ||     9
         Potion            |       |     2 ||     2
 Armour: Robe              |     2 |    13 ||    15
  Dodge: Dodged            |    18 |    44 ||    62

Table legend:
 A = Non-vault XP
 B = Vault XP
 C = Vault XP percentage of total XP
 D = Non-vault monster count
 E = Vault monster count
 F = Vault count percentage of total count
                 A         B        C        D         E       F
            +---------+---------+-------+---------+---------+-------
      Total |     433 |      40 |   8.5 |      63 |       6 |   8.7
            +---------+---------+-------+---------+---------+-------
        D:1 |      28 |       2 |   6.7 |      17 |       2 |  10.5
        D:2 |      20 |      32 |  61.5 |       6 |       1 |  14.3
        D:3 |      86 |       0 |   0.0 |      24 |       0 |   0.0
        D:4 |     286 |       6 |   2.1 |      15 |       3 |  16.7
        D:5 |      13 |       0 |   0.0 |       1 |       0 |   0.0
            +---------+---------+-------+---------+---------+-------
